 Dungeon Crawl Stone Soup version 0.28.0-53-g5a82cb258f (webtiles) character file.

Game seed: 3208951446417766385

387 firemarshallily the Poker (level 6, 0/73 HPs)
             Began as a Demonspawn Gladiator on June 22, 2022.
             Was an Initiate of Hepliaklqana.
             Slain by a kobold
             ... wielding a +0 short sword
              (2 damage)
             ... on level 5 of the Dungeon.
             The game lasted 00:13:26 (5058 turns).

firemarshallily the Poker (Demonspawn Gladiator)    Turns: 5058, Time: 00:13:27

Health: 0/73       AC: 23    Str: 16    XL:     6   Next: 49%
Magic:  6/6        EV:  2    Int:  9    God:    Hepliaklqana [......]
Gold:   155        SH:  0    Dex: 15    Spells: 5/5 levels left

rFire   . . .      SeeInvis .   a - +0 trident
rCold   . . .      Faith    .   (no shield)
rNeg    . . .      Spirit   .   (armour currently unavailable)
rPois   +          Reflect  .   (helmet currently unavailable)
rElec   +          Harm     .   (cloak currently unavailable)
rCorr   .          Rampage  .   (gloves currently unavailable)
Will    .....      NoTele   +   (boots currently unavailable)
Stlth   +.........              i - amulet of Xuakhl Qote {RegenMP rElec rPois rF+}
HPRegen 0.22/turn               (no ring)
MPRegen 0.50/turn               (no ring)

@: tree-form, attractive, fire susceptible
A: stationary, stasis, torment immunity, boosted hp, (sturdy frame 1), demonic
magic 2
a: Renounce Religion


You were on level 5 of the Dungeon.
You worshipped Hepliaklqana.
Hepliaklqana was noncommittal.
You were a tree.
You visited 2 branches of the dungeon, and saw 6 of its levels.

You collected 155 gold pieces.

Inventory:

Hand Weapons
 a - a +0 trident (weapon)
Missiles
 d - 3 throwing nets
 h - 66 stones (quivered)
 j - 6 poisoned darts
 p - 6 javelins
Armour
 b - a +0 leather armour (melded)
 c - a +1 helmet (melded)
 l - a +0 ring mail
Jewellery
 i - the amulet of Xuakhl Qote (around neck) {RegenMP rElec rPois rF+}
   (You acquired it on level 3 of the Dungeon)

   [amulet of magic regeneration]

   It increases your rate of magic regeneration.
   rF:        It protects you from fire.
   rElec:     It insulates you from electricity.
   rPois:     It protects you from poison.
 q - a ring of poison resistance
Wands
 u - a wand of charming (12)
Scrolls
 m - 4 scrolls of teleportation
Potions
 g - a potion of cancellation
 o - a potion of attraction
 s - a potion of lignification


   Skills:
 * Level 4.5 Fighting
 * Level 4.6 Polearms
 - Level 2.0 Throwing
 + Level 2.1 Armour
 - Level 3.0 Dodging


You had 5 spell levels left.
You didn't know any spells.
Your spell library contained the following spells:

 Spells                   Type           Power      Damage    Failure   Level
 Static Discharge         Conj/Air       0%         N/A       52%         2
 Lightning Bolt           Conj/Air       0%         1d11      100%        5
 Maxwell's Capacitive Co  Air            0%         ∞         100%        8


Dungeon Overview and Level Annotations

Branches:
Dungeon (5/15)             Temple (1/1) D:4

Altars:
Ashenzari
Cheibriados
Dithmenos
Fedhas
Gozag
Hepliaklqana
Kikubaaqudgha
Makhleb
Nemelex Xobeh
Okawaru
Qazlal
Trog
Uskayaw
Xom
Zin
The Shining One
Ignis


Innate Abilities, Weirdness & Mutations

You are a tree.
Your roots penetrate the ground, keeping you stationary.
You cannot be teleported.
You are immune to unholy pain and torment.
Your maximum health is greatly increased.
Your equipment is partially melded.
((Your movements are slightly less encumbered by armour. (ER -2)))
Spells you cast may paralyse nearby enemies.


Message History

You barely miss the water moccasin.
The water moccasin is heavily wounded.
The water moccasin bites you but does no damage.
The iguana is attracted toward you.
You closely miss the water moccasin.
The water moccasin is heavily wounded.
The water moccasin bites you but does no damage.
A kobold comes into view. It is wielding a +0 short sword.
The iguana is attracted toward you. The kobold is attracted toward you.
You barely miss the water moccasin.
The water moccasin is heavily wounded.
The water moccasin completely misses you.
The kobold throws a stone.
The stone hits you but does no damage.
The water moccasin bites you but does no damage.
The iguana is attracted toward you. The kobold is attracted toward you.
As you read the scroll of fog, it crumbles to dust.
The scroll dissolves into smoke.
The water moccasin bites you but does no damage.
The kobold hits you with a +0 short sword.
* * * LOW HITPOINT WARNING * * *
Unknown command.
You hit the water moccasin.
The water moccasin is severely wounded.
The water moccasin bites you but does no damage. x2
You barely miss the water moccasin.
The water moccasin is severely wounded.
The water moccasin barely misses you. The kobold hits you but does no damage.
The iguana is attracted toward you.
You hit the water moccasin but do no damage.
The water moccasin is severely wounded.
The iguana seems to regain its courage.
The water moccasin bites you but does no damage.
The kobold hits you but does no damage.
The water moccasin bites you but does no damage.
You completely miss the water moccasin.
The water moccasin is severely wounded.
The iguana bites you but does no damage.
The water moccasin bites you but does no damage.
The kobold hits you with a +0 short sword.
You die...

##### #...#
#<..####
#...§§§#####
#...##♣§§..#
#...#SKl§..#
#...§§§§§.....
##...§........
#........§...
#.......>...#
#...<§.....?#
#...........§


You could see a water moccasin, an iguana (flame-wreathed) and a kobold.

Vanquished Creatures
  A necrophage (D:3)
  A jelly (D:4)
  An orc priest (D:4)
  An iguana (D:4)
  3 orc wizards
  A hound skeleton (D:5)
  3 adders
  An ufetubus (D:4)
  2 worms
  2 dart slugs
  8 orcs
  7 ball pythons
  5 endoplasms
  2 giant cockroaches
  6 goblins
  5 hobgoblins
  3 quokkas
  A bat (D:3)
  A frilled lizard (D:3)
  7 kobolds
  6 rats
67 creatures vanquished.

Notes
Turn   | Place    | Note
-------+----------+-------------------------------------------
     0 | D:1      | firemarshallily the Demonspawn Gladiator began the quest
                  | for the Orb.
     0 | D:1      | Reached XP level 1. HP: 16/16 MP: 1/1
   108 | D:1      | Found a faded altar of an unknown god.
   155 | D:1      | Prayed at the altar of an unknown god.
   155 | D:1      | Became a worshipper of Ignis, the Dying Flame
   315 | D:1      | Gained mutation: Spells you cast may paralyse adjacent
                  | enemies. [demonic ancestry]
   315 | D:1      | Reached XP level 2. HP: 21/22 MP: 2/2
  1359 | D:2      | Gained mutation: Your movements are slightly less
                  | encumbered by armour. (ER -2) [demonic ancestry]
  1359 | D:2      | Reached XP level 3. HP: 16/28 MP: 3/3
  2436 | D:3      | Noticed a necrophage
  2445 | D:3      | Killed a necrophage
  2446 | D:3      | Reached skill level 1 in Armour
  2446 | D:3      | Reached XP level 4. HP: 27/35 MP: 4/4
  2547 | D:3      | Gained mutation: Spells you cast may paralyse nearby
                  | enemies. [demonic ancestry]
  2547 | D:3      | Reached XP level 5. HP: 41/41 MP: 5/5
  2874 | D:3      | Identified a scroll of acquirement
  2874 | D:3      | Acquired the amulet of Xuakhl Qote {RegenMP rElec rPois
                  | rF+}
  3423 | D:4      | Reached XP level 6. HP: 48/48 MP: 6/6
  4875 | D:4      | Found a staircase to the Ecumenical Temple.
  4884 | Temple   | Entered the Ecumenical Temple
  4911 | Temple   | Fell from the grace of Ignis
  4911 | Temple   | Became a worshipper of Hepliaklqana the Forgotten
  5014 | D:5      | Entered Level 5 of the Dungeon
  5025 | D:5      | Noticed a water moccasin
  5048 | D:5      | HP: 2/73 [water moccasin (3)]
  5054 | D:5      | HP: 1/73 [kobold/+0 short sword (2)]
  5058 | D:5      | Slain by a kobold

Illustrated notes

Levels and vault maps discovered:
D:1:      elethiomel_arrival_maze, layout_basic,
          chequers_ecumenical_altar_island
D:2:      layout_loops_corners
D:3:      layout_basic, minmay_cupped
D:4:      layout_gridville, minmay_temple_entry_fiery
D:5:      layout_rooms
Temple:   compressed_dpeg_triangle_lava_temple

Skill      XL: |  1  2  3  4  5  6 |
---------------+-------------------+-----
Polearms       | 3 4 |  4.6
Throwing       | 2 |  2.0
Dodging        | 3 |  3.0
Fighting       | 3 4 |  4.5
Armour         | 1 2 |  2.1

Action                   |  1- 3 |  4- 6 || total
-------------------------+-------+-------++-------
Melee: Trident           |   116 |   158 ||   274
       Punch             |       |     1 ||     1
Throw: Stone             |       |     9 ||     9
       Throwing net      |       |     1 ||     1
  Use: Scroll            |       |    10 ||    10
       Potion            |       |     8 ||     8
 Stab: Sleeping          |     4 |     1 ||     5
       Fleeing           |       |     1 ||     1
Armor: Leather armour    |    21 |    36 ||    57
       Skin              |       |    30 ||    30
Dodge: Dodged            |    61 |   118 ||   179
